cohdb
Replays
Latest Replays
All Replays
Popular Replays
Top Player Replays
Match Explorer
How It Works
Community
CoH3 Stats
Reddit
Sign in to upload your games and track your stats! →
Sign in with Steam
Match 41702354
Unlisted
Match 41702354
Overview
Messages
Build Orders
End
Construct Section Command Post
Vickers Machine Gun Team
Selects Canadian Shock Battlegroup
Infantry Section
Infantry Section
Construct Field Infirmary
Selects Attacking Spirit
Selects Canadian Shock Section
Canadian Shock Section
Construct Platoon Command Post
Canadian Shock Section
Unlock M3 Stuart Light Tanks
Selects Smoke Operation
Selects Incendiary Munitions
M3 Stuart Light Tank
Smoke Operation
6-pounder Anti-tank Gun Team
Selects Pyrotechnics
Royal Engineer Section
Construct Company Command Post
Crusader II Medium Tank
6-pounder Anti-tank Gun Team
Canadian Shock Section
Selects Churchill Crocodile Heavy Tank
Canadian Shock Section
Vickers Machine Gun Team
Vickers Machine Gun Team
Churchill Crocodile Heavy Tank
Royal Engineer Section
Burgo
RoseFlunder
Sekmeth36
Baci McQueen
BIOHAZARD
=BIA=Daghito
demenza058
Andreuz
0
0
Comments
sign in to comment!
No comments posted yet!